 Dungeon Crawl Stone Soup version 0.25-a0-35-g747a2b3 (webtiles) character file.

Game seed: 12841070111012937912, levelgen mode: deterministic

229 vhaine the Cutter (level 5, 0/38 HPs)
             Began as a Demonspawn Gladiator on Oct 19, 2019.
             Slain by Edmund
             ... wielding a +3 dire flail of holy wrath
              (7 damage)
             ... on level 4 of the Dungeon.
             The game lasted 00:06:37 (2221 turns).

vhaine the Cutter (Demonspawn Gladiator)            Turns: 2221, Time: 00:06:38

Health: 0/38       AC:  5    Str: 15    XL:     5   Next: 71%
Magic:  5/5        EV: 14    Int: 10    God:
Gold:   146        SH:  0    Dex: 14    Spells: 4/4 levels left

rFire    . . .     SeeInvis .   j - +1 dagger
rCold    . . .     Gourm    .   (no shield)
rNeg     . . .     Faith    .   b - +1 leather armour
rPois    .         Spirit   .   c - +0 helmet
rElec    .         Reflect  .   (no cloak)
rCorr    .         Harm     .   (no gloves)
MR       .....     Rnd*Tele +   (no boots)
Stlth    ++........             (no amulet)
HPRegen  0.12/turn              q - ring of teleportation (curse)
MPRegen  0.09/turn              (no ring)

@: no status effects
A: hooves 2, repulsion field 1, nightstalker 1
a: no special abilities


You were on level 4 of the Dungeon.
You were not hungry.

You visited 1 branch of the dungeon, and saw 4 of its levels.

You collected 146 gold pieces.

Inventory:

Hand Weapons
 a - a +0 flail
 j - a +1 dagger (weapon)
 k - a +0 dagger
Missiles
 d - 3 throwing nets (quivered)
Armour
 b - a +1 leather armour (worn)
 c - a +0 helmet (worn)
 e - a +2 leather armour of cold resistance
Jewellery
 q - a cursed ring of teleportation (left hand)
Scrolls
 h - 2 scrolls of identify
 m - 3 scrolls of teleportation
 o - a scroll of enchant weapon
Potions
 g - a potion of haste {unknown}
 i - 2 potions of heal wounds {unknown}
 p - a potion of might {unknown}
Comestibles
 f - 9 rations
 l - a chunk of flesh


   Skills:
 - Level 2.0 Fighting
 + Level 4.3 Short Blades
 - Level 3.2 Maces & Flails
 - Level 1.7 Throwing
 - Level 2.6 Dodging
 - Level 1.7 Stealth


You had 4 spell levels left.
You didn't know any spells.
Your spell library was empty.

Dungeon Overview and Level Annotations

Branches:
Dungeon (5/15)
 Temple: D:4-7

Altars:
Makhleb
Vehumet
Xom

Annotations:
D:4 Edmund
D:5 2 transporters, Menkaure; snetch's ghost, novice MiBe


Innate Abilities, Weirdness & Mutations

You have hoof-like feet.
You are surrounded by a mild repulsion field. (EV +2)
You are slightly more attuned to the shadows.


Message History

There is an open door here.
The ooze quivers.
The leopard gecko hisses menacingly.
You hit the ooze.
The ooze is moderately wounded.
The leopard gecko barely misses you. The ooze hits you.
* * * LOW HITPOINT WARNING * * *
You hit the ooze. You kick the ooze.
The ooze is severely wounded.
Edmund grinds his teeth, and then sighs.
The leopard gecko bites you.
* * * LOW HITPOINT WARNING * * *
You hit the ooze.
The ooze is almost dead.
The ooze closely misses you.
The leopard gecko bites you but does no damage.
Edmund says, "I'm quite good with sums, too."
The ooze closely misses you.
Edmund hits you with a +3 dire flail of holy wrath!
You die...

#.###.#..#.....#
.#.......##
#........#.....##.J. #...#
#####.##.#>....#..o.
#.#.#.## #.##.#.......o..
#......# #.##.###.#.#....
#...##.##
S......##).)....#
..##...##!.#
###....######'###
#....##..# #.##.###.##÷J##
#...$..... #.
#.##_..##@l## #.#.#.#.#. #
#.##....'.@.## #.....#.#.
#o##_..##....####.#.#.#.#.
##.##.....'............
###......####...#####.
#.......## #...# #.
##.....## #...#####.
##...## #....>.... ##'##
##..######


You could see Edmund, an ooze and a leopard gecko.

Vanquished Creatures
  A scorpion (D:2)
  A crimson imp (D:4)
  An orc priest (D:4)
  Terence (D:2)
  5 adders
  A dart slug (D:1)
  3 leopard geckos
  4 orcs (D:4)
  4 giant cockroaches
  3 goblins (D:1)
  A hobgoblin (D:2)
  4 jackals (D:1)
  A quokka (D:2)
  4 bats
  3 frilled lizards
  6 kobolds
  4 rats
  A fungus (D:5)
48 creatures vanquished.

Notes
Turn   | Place    | Note
-------+----------+-------------------------------------------
     0 | D:1      | vhaine the Demonspawn Gladiator began the quest for the
                  | Orb.
     0 | D:1      | Reached XP level 1. HP: 16/16 MP: 1/1
   287 | D:1      | Gained mutation: You are slightly more attuned to the
                  | shadows. [demonic ancestry]
   287 | D:1      | Reached XP level 2. HP: 22/22 MP: 2/2
   404 | D:1      | Reached skill level 1 in Stealth
   762 | D:1      | Gained mutation: You are surrounded by a mild repulsion
                  | field. (EV +2) [demonic ancestry]
   762 | D:1      | Reached XP level 3. HP: 27/27 MP: 3/3
  1043 | D:2      | Reached skill level 1 in Short Blades
  1163 | D:2      | Noticed Terence
  1199 | D:2      | Killed Terence
  1199 | D:2      | Reached skill level 2 in Short Blades
  1370 | D:2      | Gained mutation: You have large cloven feet. [demonic
                  | ancestry]
  1370 | D:2      | Reached XP level 4. HP: 33/33 MP: 4/4
  1390 | D:2      | Reached skill level 3 in Short Blades
  1772 | D:2      | Found a shimmering altar of Xom.
  1773 | D:2      | You fall into a shaft and drop 2 floors!
  1774 | D:4      | Noticed Edmund
  1781 | D:5      | Entered Level 5 of the Dungeon
  1793 | D:5      | Noticed Menkaure
  1820 | D:5      | Found a transporter.
  1893 | D:5      | Noticed snetch's ghost (novice MiBe)
  1894 | D:5      | Found a transporter.
  1896 | D:5      | Noticed an ogre
  1897 | D:5      | Identified the +9 great mace of Causality {venom, *Corrode
                  | rN++ Dex+4}
  1897 | D:5      | Noticed an ogre
  2024 | D:4      | Gained mutation: You have hoof-like feet. [demonic
                  | ancestry]
  2024 | D:4      | Reached XP level 5. HP: 38/38 MP: 5/5
  2029 | D:4      | Found a radiant altar of Vehumet.
  2030 | D:4      | Found a burning altar of Makhleb.
  2140 | D:4      | Reached skill level 4 in Short Blades
  2221 | D:4      | Slain by Edmund

Levels and vault maps discovered:
D:1:      nzn_arrival_settlement, layout_basic
D:2:      layout_basic, lemuel_round_altar, serial_curves, eino_curves_02,
          eino_curves_01, uniq_robin, uniq_terence, uniq_crazy_yiuf_cottage
D:4:      layout_loops_corners, grunt_temple_overflow_lords_of_destruction,
          nicolae_gozag_seed_capital, kennysheep_little_box,
          dancing_weapons_uskayaw, lightli_ossuary_entry_decrepit_ruins,
          first_ration, serial_co_window_serial, co_window_corner_a,
          co_window_paths_b, co_window_corner_a, co_window_of_opportunity_a,
          co_window_paths_b, co_window_paths_a, co_window_of_opportunity_b,
          co_window_broadway_b, co_window_unsneaky_path_e, glass_columns_a,
          uniq_edmund, uniq_natasha
D:5:      layout_gridville, gammafunk_ghost_smash, minmay_gold_behind_fungi,
          vehumet_altar_wand_db, uniq_menkaure, uniq_blork_the_orc,
          uniq_eustachio

Skill      XL: |  1  2  3  4  5 |
---------------+----------------+-----
Maces & Flails | 3 |  3.2
Stealth        | 1 |  1.7
Short Blades   | 2 3 4 |  4.3
Fighting       | |  2.0
Throwing       | |  1.7
Dodging        | |  2.6

Action                   |  1- 3 |  4- 6 || total
-------------------------+-------+-------++-------
Melee: Flail             |    52 |       ||    52
       Dagger            |    54 |   116 ||   170
       Kick              |       |    35 ||    35
Throw: Throwing net      |     3 |     2 ||     5
  Use: Scroll            |       |     5 ||     5
 Stab: Sleeping          |     5 |     3 ||     8
       Held in net/web   |     2 |     3 ||     5
  Eat: Chunk             |     2 |     2 ||     4
Armor: Leather armour    |    34 |     9 ||    43
Dodge: Dodged            |    79 |    59 ||   138

Table legend:
 A = Non-vault XP
 B = Vault XP
 C = Vault XP percentage of total XP
 D = Non-vault monster count
 E = Vault monster count
 F = Vault count percentage of total count
                 A         B        C        D         E       F
            +---------+---------+-------+---------+---------+-------
      Total |     246 |      82 |  25.0 |      45 |       2 |   4.3
            +---------+---------+-------+---------+---------+-------
        D:1 |      41 |       0 |   0.0 |      24 |       0 |   0.0
        D:2 |      99 |      36 |  26.7 |      12 |       1 |   7.7
        D:4 |      93 |      46 |  33.1 |       8 |       1 |  11.1
        D:5 |      13 |       0 |   0.0 |       1 |       0 |   0.0
            +---------+---------+-------+---------+---------+-------
